 Dungeon Crawl Stone Soup version 0.19.5 (webtiles) character file.

128 McKennaii the Firebug (level 4, 0/24 HPs)
             Began as a Deep Elf Fire Elementalist on May 16, 2017.
             Slain by a hound (1 damage)
             ... on level 3 of the Dungeon.
             The game lasted 00:04:24 (2128 turns).

McKennaii the Firebug (Deep Elf Fire Elementalist)  Turns: 2128, Time: 00:04:25

Health: 0/24       AC:  2    Str:  5    XL:     4   Next: 87%
Magic:  9/12       EV: 13    Int: 21    God:
Gold:   116        SH:  0    Dex: 15    Spells: 3 memorised, 5 levels left

rFire  . . .     SeeInvis .     (no weapon)
rCold  . . .     Gourm    .     a - +0 robe
rNeg   . . .     Faith    .     (no shield)
rPois  .         Spirit   .     (no helmet)
rElec  .         Reflect  .     (no cloak)
rCorr  .         Harm     .     (no gloves)
MR     .....                    (no boots)
Stlth  ++........               m - amulet of magic regeneration
                                (no ring)
                                (no ring)

@: no status effects
A: no striking features
a: no special abilities


You were on level 3 of the Dungeon.
You were not hungry.

You visited 1 branch of the dungeon, and saw 4 of its levels.

You collected 116 gold pieces.

Inventory:

Armour
 a - a +0 robe (worn)
Jewellery
 m - an amulet of magic regeneration (around neck)
Wands
 l - a wand of acid (7/15)
Scrolls
 d - 2 scrolls of remove curse {unknown}
 g - 2 scrolls of magic mapping {unknown}
 j - a scroll of enchant weapon {unknown}
 k - 2 scrolls of identify {unknown}
 q - a scroll of noise {unknown}
Potions
 e - 2 potions of curing {unknown}
 h - a potion of flight {unknown}
 i - 2 potions of resistance {unknown}
 n - a potion of berserk rage {unknown}
 o - a potion of might {unknown}
 p - a potion of haste {unknown}
Books
 b - a book of Flames

   Spells                             Type                      Level
   a - Flame Tongue                   Conjuration/Fire             1
   b - Throw Flame                    Conjuration/Fire             2
   c - Conjure Flame                  Conjuration/Fire             3
   d - Inner Flame                    Hexes/Fire                   3
   e - Sticky Flame                   Conjuration/Fire             4
   f - Fireball                       Conjuration/Fire             5
Comestibles
 c - 4 bread rations
 f - 2 slices of pizza


   Skills:
 + Level 0.2 Fighting
 + Level 2.9 Dodging
 + Level 2.6 Stealth
 + Level 4.1 Spellcasting
 + Level 2.6 Conjurations
 + Level 4.6 Fire Magic


You had 5 spell levels left.
You knew the following spells:

 Your Spells              Type           Power        Failure   Level  Hunger
a - Flame Tongue          Conj/Fire      ###..        2%          1    None
b - Throw Flame           Conj/Fire      ###...       4%          2    #......
c - Conjure Flame         Conj/Fire      ###.....     10%         3    ###....


Dungeon Overview and Level Annotations

Branches:
Dungeon (4/15)
 Temple: D:4-7

Altars:

Annotations:
D:4 McKennaii's ghost, novice DEFE


Message History

The hound bites you.
Sorry, you're not good enough to have a special ability.
Casting: Flame Tongue
Confirm with . or Enter, or press ? or * to list all spells.
Aiming: Flame Tongue
Press: ? - help, Shift-Dir - straight line, f/p - hound
Aim: a hound (moderately wounded)
The flame tongue misses the hound.
The hound bites you.
* * * LOW HITPOINT WARNING * * *
Casting: Flame Tongue
Confirm with . or Enter, or press ? or * to list all spells.
Aiming: Flame Tongue
Press: ? - help, Shift-Dir - straight line, f/p - hound
Aim: a hound (moderately wounded)
The flame tongue hits the hound.
The hound is severely wounded.
The hound bites you.
* * * LOW HITPOINT WARNING * * *
The hound bites you.
You die...

.... ... ...# #.. .
##...####..##. #
............. .#####
.......... ......
#......# # #....#
#.h..# .
#.....#####@..#### .
#<....#..........#
..##.....#........#..#
.......#...######.# .
...#.#......######.##
.....>....#..........
#....#...†....#####.##
..#.......#)#.###
......####......#


You could see a hound.

Vanquished Creatures
  4 adders
  An ooze (D:1)
  4 worms (D:2)
  2 leopard geckos
  2 orcs (D:3)
  10 bats
  4 giant cockroaches
  5 goblins
  7 hobgoblins
  7 jackals
  9 kobolds
  A quokka (D:2)
  2 ball pythons
  6 frilled lizards
  6 rats
70 creatures vanquished.

Vanquished Creatures (others)
  4 toadstools (D:1)
4 creatures vanquished.

Grand Total: 74 creatures vanquished

Notes
Turn   | Place    | Note
-------+----------+-------------------------------------------
     0 | D:1      | McKennaii the Deep Elf Fire Elementalist began the quest for the Orb.
     0 | D:1      | Reached XP level 1. HP: 10/10 MP: 6/6
   109 | D:1      | Reached XP level 2. HP: 13/15 MP: 0/8
   957 | D:1      | Reached XP level 3. HP: 19/19 MP: 7/9
  1628 | D:2      | You fall through a shaft for 2 floors!
  1665 | D:4      | Noticed McKennaii's ghost (novice DEFE)
  1701 | D:4      | Reached XP level 4. HP: 17/24 MP: 8/11
  1708 | D:4      | Learned a level 2 spell: Throw Flame
  1712 | D:4      | Learned a level 3 spell: Conjure Flame
  2128 | D:3      | HP: 1/24 [hound (5)]
  2128 | D:3      | Slain by a hound

Skill      XL: |  1  2  3  4 |
---------------+-------------+-----
Fire Magic     | 4 |  4.6
Conjurations   | 2 |  2.6
Spellcasting   | 4 |  4.1
Fighting       | |  0.2
Dodging        | |  2.9
Stealth        | |  2.6

Action                   |  1- 3 |  4- 6 || total
-------------------------+-------+-------++-------
Melee: Unarmed           |     2 |     2 ||     4
 Cast: Flame Tongue      |    95 |    47 ||   142
  Eat: Chunk             |     2 |     1 ||     3
Armor: Robe              |     8 |     4 ||    12
Dodge: Dodged            |    51 |    11 ||    62
